| TOP OF THE 1ST |
|
Lexington Legends batting - Pitching for Kannapolis Intimidators : RHP Ruben Castro
|
|
Pitching: RHP Ruben Castro
|
|
|
Batting: RHB Mike Bearden
|
0-0: Fly out, F9 (Flyball, 9LD, EV 81.9 MPH)
|
|
Batting: RHB Jonas Fernandez
|
0-0: Ground out 4-3 (Groundball, 34, EV 101.9 MPH)
|
|
Batting: RHB Carlos Almada
|
0-0: Called Strike 0-1: Ball 1-1: Ball 2-1: Foul Ball, location: 2F 2-2: Ball 3-2: Foul Ball, location: 2F 3-2: Base on Balls
|
|
Batting: LHB Joe Cozart
|
0-0: Fielders Choice at 2nd, U6 (Groundball, 6M, EV 108.8 MPH)
|
| Top of the 1st over - 0 runs, 0 hits, 0 errors, 1 left on base; Lexington 0 - Kannapolis 0 |
| BOTTOM OF THE 1ST |
|
Kannapolis Intimidators batting - Pitching for Lexington Legends : LHP Brett Reed
|
|
Pitching: LHP Brett Reed
|
|
|
Batting: RHB Kunimatsu Oya
|
0-0: Ball 1-0: Ball 2-0: Ball 3-0: Base on Balls
|
|
Batting: SHB Andres Agudo
|
0-0: Ball Kunimatsu Oya is caught stealing 2nd base 2-4 1-0: Ball 2-0: Ball 3-0: Base on Balls
|
|
Batting: RHB Tony Garcia
|
0-0: SINGLE (Groundball, 5S, EV 63.1 MPH) (infield hit) Andres Agudo to second
|
|
Batting: RHB Corey Dalton
|
0-0: Ball 1-0: Foul Ball, location: 2F 1-1: Fly out, F9 (Flyball, 9, EV 79.4 MPH)
|
|
Batting: RHB Nick Kleckner
|
0-0: Ball Wild Pitch! Andres Agudo to third Tony Garcia to second 1-0: Called Strike 1-1: Ball 2-1: Ball 3-1: Swinging Strike 3-2: Base on Balls
|
|
Batting: RHB Ethan McCullough
|
0-0: Ball 1-0: Foul Ball, location: 2F 1-1: Ball 2-1: GRAND SLAM HOME RUN (Line Drive, 7LD, EV 98.1 MPH), Distance : 352 ft
|
|
Batting: RHB Tommy Ellington
|
0-0: Called Strike 0-1: Foul Ball, location: 2F 0-2: Foul Ball, location: 2F 0-2: Foul Ball, location: 2F 0-2: Ball 1-2: Ground out 6-3 (Groundball, 4MS, EV 88.8 MPH)
|
| Bottom of the 1st over - 4 runs, 2 hits, 0 errors, 0 left on base; Lexington 0 - Kannapolis 4 |
| TOP OF THE 2ND |
|
Lexington Legends batting - Pitching for Kannapolis Intimidators : RHP Ruben Castro
|
|
Batting: LHB Mike Bhatti
|
0-0: SINGLE (Flyball, 5D, EV 95.0 MPH) - OUT at second base trying to stretch hit.
|
|
Batting: LHB Vicente Hernandez
|
0-0: Ball 1-0: Ball 2-0: Called Strike 2-1: Fly out, F3 (Popup, 3SF, EV 80.0 MPH)
|
|
Batting: RHB Ian Hornsby
|
0-0: SINGLE (Line Drive, 34D, EV 108.1 MPH)
|
|
Batting: LHB Shohei Nishi
|
0-0: Called Strike 0-1: Ball 1-1: Ball 2-1: Ball 3-1: Base on Balls Ian Hornsby to second
|
|
Batting: RHB Trevor Kingston
|
0-0: Called Strike 0-1: Foul Ball, location: 2F 0-2: Fly out, F8 (Flyball, 8RD, EV 91.9 MPH)
|
| Top of the 2nd over - 0 runs, 2 hits, 0 errors, 2 left on base; Lexington 0 - Kannapolis 4 |
| BOTTOM OF THE 2ND |
|
Kannapolis Intimidators batting - Pitching for Lexington Legends : LHP Brett Reed
|
|
Batting: RHB Kaoru Hamada
|
0-0: Called Strike 0-1: Hit by Pitch
|
|
Batting: RHB Dave Dominguez
|
0-0: Swinging Strike 0-1: Foul Ball, location: 2F 0-2: Strikes out swinging
|
|
Batting: RHB Kunimatsu Oya
|
0-0: Swinging Strike 0-1: Foul Ball, location: 2F 0-2: Foul Ball, location: 2F 0-2: Ball 1-2: Foul Ball, location: 2F 1-2: Ball 2-2: Hit by Pitch Kaoru Hamada to second
|
|
Batting: SHB Andres Agudo
|
0-0: Called Strike 0-1: Fly out, F9 (Flyball, 9D, EV 95.0 MPH) Runner from 2nd tags up, SAFE at 3rd, no throw by RF
|
|
Batting: RHB Tony Garcia
|
0-0: Ball 1-0: Called Strike 1-1: Called Strike 1-2: Ball 2-2: Ball 3-2: Base on Balls Kunimatsu Oya to second
|
|
Batting: RHB Corey Dalton
|
0-0: Ball 1-0: Ball 2-0: Ball 3-0: Called Strike 3-1: Foul Ball, location: 2F 3-2: Foul Ball, location: 2F 3-2: Base on Balls Kaoru Hamada scores Kunimatsu Oya to third Tony Garcia to second
|
|
Pitching: RHP Kolenka Leschenya
|
|
|
Batting: RHB Nick Kleckner
|
0-0: Called Strike 0-1: Called Strike 0-2: Ball 1-2: Strikes out swinging
|
| Bottom of the 2nd over - 1 run, 0 hits, 0 errors, 3 left on base; Lexington 0 - Kannapolis 5 |
| TOP OF THE 3RD |
|
Lexington Legends batting - Pitching for Kannapolis Intimidators : RHP Ruben Castro
|
|
Batting: RHB Mike Bearden
|
0-0: Called Strike 0-1: Ground out 6-3 (Groundball, 6, EV 88.8 MPH)
|
|
Batting: RHB Jonas Fernandez
|
0-0: Ball 1-0: Ball 2-0: Called Strike 2-1: Swinging Strike 2-2: Ground out 6-3 (Groundball, 6S, EV 86.2 MPH)
|
|
Batting: RHB Carlos Almada
|
0-0: Swinging Strike 0-1: Ball 1-1: Called Strike 1-2: SINGLE (Flyball, 4MD, EV 97.5 MPH)
|
|
Batting: LHB Joe Cozart
|
0-0: Ground out 4-3 (Groundball, 4, EV 94.4 MPH)
|
| Top of the 3rd over - 0 runs, 1 hit, 0 errors, 1 left on base; Lexington 0 - Kannapolis 5 |
| BOTTOM OF THE 3RD |
|
Kannapolis Intimidators batting - Pitching for Lexington Legends : RHP Kolenka Leschenya
|
|
Batting: RHB Ethan McCullough
|
0-0: Foul Ball, location: 2F 0-1: Ball 1-1: Called Strike 1-2: Ball 2-2: Ball 3-2: Base on Balls
|
|
Batting: RHB Tommy Ellington
|
0-0: Foul Ball, location: 2F 0-1: DOUBLE (Line Drive, 78D, EV 109.4 MPH) Ethan McCullough to third
|
|
Batting: RHB Kaoru Hamada
|
0-0: Ball 1-0: Ball 2-0: Called Strike 2-1: Ball 3-1: Foul Ball, location: 2F 3-2: Strikes out swinging
|
|
Batting: RHB Dave Dominguez
|
0-0: Ball 1-0: Ball 2-0: Ball 3-0: Called Strike 3-1: Base on Balls
|
|
Batting: RHB Kunimatsu Oya
|
0-0: Swinging Strike 0-1: Swinging Strike 0-2: Ball 1-2: Strikes out swinging
|
|
Pitching: RHP Jordan Viveros
|
|
|
Batting: SHB Andres Agudo
|
0-0: Called Strike 0-1: Ball 1-1: Ball 2-1: Swinging Strike 2-2: Ball 3-2: SINGLE (Line Drive, 6D, EV 95.0 MPH) Ethan McCullough scores Tommy Ellington to third Dave Dominguez to second Tommy Ellington scores Dave Dominguez to third
|
|
Batting: RHB Tony Garcia
|
0-0: Fielders Choice at 2nd, 6-4 (Groundball, 6, EV 100.6 MPH)
|
| Bottom of the 3rd over - 2 runs, 2 hits, 0 errors, 2 left on base; Lexington 0 - Kannapolis 7 |
| TOP OF THE 4TH |
|
Lexington Legends batting - Pitching for Kannapolis Intimidators : RHP Ruben Castro
|
|
Batting: LHB Mike Bhatti
|
0-0: Ball 1-0: Swinging Strike 1-1: Ball 2-1: Ball 3-1: SINGLE (Groundball, 4MD, EV 96.2 MPH)
|
|
Batting: LHB Vicente Hernandez
|
0-0: Ball 1-0: Ball 2-0: SINGLE (Groundball, 6MD, EV 96.9 MPH) Mike Bhatti to second
|
|
Batting: RHB Ian Hornsby
|
0-0: Ball 1-0: Ball 2-0: Called Strike 2-1: Ground out 4-3 (Groundball, 4MD, EV 105.0 MPH) Mike Bhatti to third Vicente Hernandez to second
|
|
Batting: LHB Shohei Nishi
|
0-0: Fly out, F8 (Line Drive, 8LM, EV 93.1 MPH)
|
|
Batting: RHB Trevor Kingston
|
0-0: Called Strike 0-1: Swinging Strike 0-2: Foul Ball, location: 2F 0-2: Ball 1-2: Foul Ball, location: 2F 1-2: Ball 2-2: Ball 3-2: Strikes out swinging
|
| Top of the 4th over - 0 runs, 2 hits, 0 errors, 2 left on base; Lexington 0 - Kannapolis 7 |
| BOTTOM OF THE 4TH |
|
Kannapolis Intimidators batting - Pitching for Lexington Legends : RHP Jordan Viveros
|
|
Batting: RHB Corey Dalton
|
0-0: Ball 1-0: Called Strike 1-1: Called Strike 1-2: Foul Ball, location: 2F 1-2: Ground out 1-3 (Groundball, 15S, EV 66.9 MPH)
|
|
Batting: RHB Nick Kleckner
|
0-0: Foul Ball, location: 2F 0-1: Foul Ball, location: 2F 0-2: Ball 1-2: Fly out, F5 (Popup, 5S, EV 75.6 MPH)
|
|
Batting: RHB Ethan McCullough
|
0-0: Hit by Pitch
|
|
Batting: RHB Tommy Ellington
|
0-0: SINGLE (Line Drive, 34, EV 108.8 MPH) Ethan McCullough to second
|
|
Batting: RHB Kaoru Hamada
|
0-0: Foul Ball, location: 2F 0-1: Swinging Strike 0-2: Fielders Choice at 2nd, 5-4 (Groundball, 5, EV 89.4 MPH)
|
| Bottom of the 4th over - 0 runs, 1 hit, 0 errors, 2 left on base; Lexington 0 - Kannapolis 7 |
| TOP OF THE 5TH |
|
Lexington Legends batting - Pitching for Kannapolis Intimidators : RHP Ruben Castro
|
|
Batting: RHB Mike Bearden
|
0-0: Ball 1-0: Called Strike 1-1: Ball 2-1: Foul Ball, location: 2F 2-2: Foul Ball, location: 2F 2-2: Ground out 5-3 (Groundball, 56S, EV 88.8 MPH)
|
|
Batting: RHB Jonas Fernandez
|
0-0: Ball 1-0: Foul Ball, location: 2F 1-1: DOUBLE (Line Drive, 5D, EV 106.2 MPH)
|
|
Batting: RHB Carlos Almada
|
0-0: Fly out, F9 (Flyball, 89D, EV 81.2 MPH)
|
|
Batting: LHB Joe Cozart
|
0-0: Ball 1-0: Fly out, F9 (Flyball, 89S, EV 91.2 MPH)
|
| Top of the 5th over - 0 runs, 1 hit, 0 errors, 1 left on base; Lexington 0 - Kannapolis 7 |
| BOTTOM OF THE 5TH |
|
Kannapolis Intimidators batting - Pitching for Lexington Legends : RHP Jordan Viveros
|
|
Batting: RHB Dave Dominguez
|
0-0: Foul Ball, location: 2F 0-1: Foul Ball, location: 2F 0-2: Strikes out swinging
|
|
Pitching: RHP Josh Rutledge
|
|
|
Batting: RHB Kunimatsu Oya
|
0-0: Ball 1-0: Ball 2-0: Ground out 3-1 (Groundball, 34S, EV 77.5 MPH)
|
|
Batting: SHB Andres Agudo
|
0-0: Ball 1-0: Foul Ball, location: 2F 1-1: Foul Ball, location: 2F 1-2: Foul Ball, location: 2F 1-2: Ball 2-2: Ball 3-2: Reached on error, E5 (Groundball, 56, EV 84.4 MPH)
|
|
Batting: RHB Tony Garcia
|
0-0: Fly out, F8 (Line Drive, 8RM, EV 96.9 MPH)
|
| Bottom of the 5th over - 0 runs, 0 hits, 1 error, 1 left on base; Lexington 0 - Kannapolis 7 |
| TOP OF THE 6TH |
|
Lexington Legends batting - Pitching for Kannapolis Intimidators : RHP Ruben Castro
|
|
Batting: LHB Mike Bhatti
|
0-0: Called Strike 0-1: Ball 1-1: Ball 2-1: Foul Ball, location: 2F 2-2: Strikes out swinging
|
|
Batting: LHB Vicente Hernandez
|
0-0: Ball 1-0: Called Strike 1-1: Ball 2-1: Ball 3-1: Foul Ball, location: 2F 3-2: Strikes out swinging
|
|
Batting: RHB Ian Hornsby
|
0-0: Ball 1-0: Ball 2-0: Called Strike 2-1: Ground out 5-3 (Groundball, 56S, EV 69.4 MPH)
|
| Top of the 6th over - 0 runs, 0 hits, 0 errors, 0 left on base; Lexington 0 - Kannapolis 7 |
| BOTTOM OF THE 6TH |
|
Kannapolis Intimidators batting - Pitching for Lexington Legends : RHP Josh Rutledge
|
|
Batting: RHB Corey Dalton
|
0-0: Ball 1-0: Called Strike 1-1: Fly out, F7 (Flyball, 7D, EV 87.5 MPH)
|
|
Batting: RHB Nick Kleckner
|
0-0: Called Strike 0-1: Swinging Strike 0-2: Strikes out swinging
|
|
Batting: RHB Ethan McCullough
|
0-0: Ball 1-0: Called Strike 1-1: Ball 2-1: Ball 3-1: Foul Ball, location: 2F 3-2: Foul Ball, location: 2F 3-2: Foul Ball, location: 2F 3-2: Base on Balls
|
|
Batting: RHB Tommy Ellington
|
0-0: Foul Ball, location: 2F 0-1: Ball 1-1: Called Strike Ethan McCullough is caught stealing 2nd base 2-4
|
| Bottom of the 6th over - 0 runs, 0 hits, 0 errors, 0 left on base; Lexington 0 - Kannapolis 7 |
| TOP OF THE 7TH |
|
Lexington Legends batting - Pitching for Kannapolis Intimidators : RHP Ruben Castro
|
|
Pitching: RHP Manny Cordova
|
|
|
Pinch Hitting: SHB Alex Cavazos
|
0-0: Called Strike 0-1: Foul Ball, location: 2F 0-2: Ball 1-2: Ball 2-2: Foul Ball, location: 2F 2-2: Fly out, F8 (Line Drive, 8RS, EV 93.1 MPH)
|
|
Batting: RHB Trevor Kingston
|
0-0: Ball 1-0: Foul Ball, location: 2F 1-1: Called Strike 1-2: Ball 2-2: Strikes out swinging
|
|
Batting: RHB Mike Bearden
|
0-0: Ball 1-0: Fly out, F5 (Line Drive, 5L, EV 71.9 MPH)
|
| Top of the 7th over - 0 runs, 0 hits, 0 errors, 0 left on base; Lexington 0 - Kannapolis 7 |
| BOTTOM OF THE 7TH |
|
Kannapolis Intimidators batting - Pitching for Lexington Legends : RHP Josh Rutledge
|
|
Now in RF: Alex Cavazos
|
|
|
Batting: RHB Tommy Ellington
|
0-0: SINGLE (Groundball, 4MD, EV 105.0 MPH)
|
|
Batting: RHB Kaoru Hamada
|
0-0: Ball 1-0: SINGLE (Groundball, 34S, EV 77.5 MPH) (infield hit) Tommy Ellington to second
|
|
Pinch Hitting: LHB Jesus Ramirez
|
0-0: Ball 1-0: Foul Ball, location: 2F 1-1: Ball 2-1: Ball 3-1: Fly out, F3 (Popup, 3SF, EV 78.1 MPH)
|
|
Pitching: LHP Ken Milhouse
|
|
|
Batting: RHB Kunimatsu Oya
|
0-0: Ball 1-0: Ball 2-0: Ball 3-0: Called Strike 3-1: SINGLE (Groundball, 56D, EV 102.5 MPH) Tommy Ellington to third Kaoru Hamada to second Runner from 3rd tries for Home, SAFE, throw by LF to home
|
|
Pinch Hitting: SHB Noah Long
|
0-0: Foul Ball, location: 2F 0-1: Foul Ball, location: 2F 0-2: Ball 1-2: Ball 2-2: Foul Ball, location: 2F 2-2: Foul Ball, location: 2F 2-2: Ball 3-2: Strikes out swinging
|
|
Batting: RHB Tony Garcia
|
0-0: Foul Ball, location: 2F 0-1: Fielders Choice at 2nd, 6-4 (Groundball, 6, EV 91.2 MPH)
|
| Bottom of the 7th over - 1 run, 3 hits, 0 errors, 2 left on base; Lexington 0 - Kannapolis 8 |
| TOP OF THE 8TH |
|
Lexington Legends batting - Pitching for Kannapolis Intimidators : RHP Manny Cordova
|
|
Now in LF: Noah Long
|
|
|
Now in RF: Miguel Pacheco
|
|
|
Batting: RHB Jonas Fernandez
|
0-0: Called Strike 0-1: Ground out 4-3 (Groundball, 4, EV 105.6 MPH)
|
|
Batting: RHB Carlos Almada
|
0-0: Swinging Strike 0-1: Called Strike 0-2: Strikes out looking
|
|
Batting: LHB Joe Cozart
|
0-0: Ball 1-0: Called Strike 1-1: Ball 2-1: Ball 3-1: Base on Balls
|
|
Batting: LHB Mike Bhatti
|
0-0: Called Strike 0-1: Ball 1-1: Ball 2-1: Fielders Choice at 2nd, 5-4 (Groundball, 5, EV 105.0 MPH)
|
| Top of the 8th over - 0 runs, 0 hits, 0 errors, 1 left on base; Lexington 0 - Kannapolis 8 |
| BOTTOM OF THE 8TH |
|
Kannapolis Intimidators batting - Pitching for Lexington Legends : LHP Ken Milhouse
|
|
Batting: RHB Corey Dalton
|
0-0: Ball 1-0: Called Strike 1-1: Foul Ball, location: 2F 1-2: Ground out 6-3 (Groundball, 56, EV 86.9 MPH)
|
|
Batting: RHB Nick Kleckner
|
0-0: Ball 1-0: Reached via error on a dropped throw from 1B, E1 (Groundball, 34, EV 103.1 MPH)
|
|
Batting: RHB Ethan McCullough
|
0-0: Ball 1-0: DOUBLE (Groundball, 5L, EV 108.1 MPH) Nick Kleckner to third Runner from 3rd tries for Home, SAFE, throw by LF to home
|
|
Batting: RHB Tommy Ellington
|
0-0: Ball 1-0: Ball 2-0: Ball 3-0: Called Strike 3-1: Foul Ball, location: 2F 3-2: Base on Balls
|
|
Batting: RHB Kaoru Hamada
|
0-0: Fielders Choice at 2nd, 3-6 (Groundball, 3, EV 98.8 MPH) Ethan McCullough to third
|
|
Batting: RHB Miguel Pacheco
|
0-0: Ground out 4-3 (Groundball, 4, EV 98.1 MPH)
|
| Bottom of the 8th over - 1 run, 1 hit, 1 error, 2 left on base; Lexington 0 - Kannapolis 9 |
| TOP OF THE 9TH |
|
Lexington Legends batting - Pitching for Kannapolis Intimidators : RHP Manny Cordova
|
|
Pinch Hitting: SHB Adrian Orosco
|
0-0: Called Strike 0-1: Called Strike 0-2: Foul Ball, location: 2F 0-2: Ball 1-2: Ball 2-2: Foul Ball, location: 2F 2-2: Strikes out swinging
|
|
Batting: RHB Ian Hornsby
|
0-0: SINGLE (Groundball, 4D, EV 105.6 MPH)
|
|
Pitching: RHP Shinya Ito
|
|
|
Batting: SHB Alex Cavazos
|
0-0: Ball 1-0: Fly out, F8 (Flyball, 8RD, EV 99.4 MPH)
|
|
Batting: RHB Trevor Kingston
|
0-0: Called Strike 0-1: Swinging Strike 0-2: Fly out, F7 (Flyball, 78M, EV 91.2 MPH)
|
| Top of the 9th over - 0 runs, 1 hit, 0 errors, 1 left on base; Lexington 0 - Kannapolis 9 |
|